 Dungeon Crawl Stone Soup version 0.28-a0-622-gbaef9634d7 (webtiles) character file.

Game seed: 16561433921682714573

19548 robertstho the Thaumaturge (level 13, -5/92 HPs)
             Began as a Djinni Fire Elementalist on Oct 6, 2021.
             Was an Initiate of Gozag.
             Slain by a boulder beetle (25 damage)
             ... on level 11 of the Dungeon on Oct 7, 2021.
             The game lasted 00:19:57 (11390 turns).

robertstho the Thaumaturge (DjFE)                  Turns: 11390, Time: 00:19:58

Health: -5/92      AC: 11    Str:  7    XL:     13   Next: 5%
Gold:   987        EV: 15    Int: 21    God:    Gozag SH:  0 Dex: 15

rFire   + + +      SeeInvis .   c - +1 trident (spect)
rCold   x . .      Faith    .   (no shield)
rNeg    + . .      Spirit   .   t - +1 steam dragon scales
rPois   ∞          Reflect  .   G - +0 helmet
rElec   .          Harm     .   i - scarf {rC+ rF+}
rCorr   .          Rampage  .   (no gloves)
Will    ++...                   (boots unavailable)
Stlth   ++++......              v - amulet of Caezutuv {rN+ Will+ Regen+}
HPRegen 1.25/turn               f - +4 ring of protection
MPRegen 0.00/turn               x - ring of fire

@: flying, studying Long Blades
A: sickness immunity, fire resistance 2, cold vulnerability 1, float, innate
caster, hp casting, extra vitality 1
a: Renounce Religion, Potion Petition, Call Merchant, Bribe Branch


You were on level 11 of the Dungeon.
You worshipped Gozag.
Gozag was pleased with you.
You visited 2 branches of the dungeon, and saw 12 of its levels.
You also visited: Bailey.

You collected 2073 gold pieces.
You spent 1028 gold pieces at shops.
You paid 58 gold pieces to Gozag.

Inventory:

Hand Weapons
 c - a +1 spectral trident (weapon)
 e - the +4 mace of a Labyrinth {drain, rElec rCorr}
   (You took it off a gnoll on level 5 of the Dungeon)

   A truly terrible weapon, it drains the life of any living foe it strikes.
   rElec:     It insulates you from electricity.
   rCorr:     It protects you from acid and corrosion.
Armour
 i - a scarf of resistance (worn)
 t - +1 steam dragon scales (worn)
 G - a +0 helmet (worn)
Jewellery
 f - a +4 ring of protection (left hand)
 v - the amulet of Caezutuv (around neck) {rN+ Will+ Regen+}
   (You acquired it in a bailey)

   [amulet of regeneration]

   rN:        It protects you from negative energy.
   Regen:     It increases your rate of health regeneration.
   Will:      It increases your willpower.
 x - a ring of fire (right hand)
 A - a ring of willpower
 E - a +6 ring of strength
 H - a ring of see invisible
Wands
 b - a wand of iceblast (19)
 d - a wand of digging (10)
 B - a wand of paralysis (4)
Scrolls
 h - a scroll of brand weapon
 j - 2 scrolls of vulnerability
 p - 2 scrolls of fear
 r - a scroll of teleportation
 s - 2 scrolls of immolation
 w - 6 scrolls of enchant armour
 y - 2 scrolls of identify
 z - 5 scrolls of fog
 J - a scroll of holy word {unknown}
 K - a scroll of magic mapping
Potions
 a - 4 potions of cancellation
 g - 4 potions of attraction
 k - a potion of invisibility
 l - a potion of resistance
 m - 3 potions of might
 n - 3 potions of brilliance
 o - a potion of berserk rage
 u - 2 potions of heal wounds {unknown}
 C - 2 potions of mutation {unknown}
 I - a potion of haste {unknown}
Miscellaneous
 D - a phantom mirror
 F - a condenser vane


   Skills:
 * Level 8.0 Fighting
 + Level 3.0 Long Blades
 + Level 7.8 Polearms
 + Level 3.3 Armour
 + Level 6.3 Dodging
 + Level 7.3 Stealth
 + Level 2.2 Shields
 * Level 10.2 Spellcasting
 + Level 2.2 Evocations


You couldn't memorise any spells.
You knew the following spells:

 Your Spells              Type           Power      Damage    Failure   Level
a - Foxfire               Conj/Fire      100%       2x1d9     1%          1
b - Scorch                Fire           100%       2d10      1%          2
c - Conjure Flame         Conj/Fire      69%        6-21      1%          3
d - Inner Flame           Hex/Fire       69%        N/A       1%          3
e - Flame Wave            Conj/Fire      69%        3d12      1%          4
f - Summon Small Mammal   Summ           100%       N/A       1%          1
g - Blink                 Tloc           N/A        N/A       1%          2
h - Summon Guardian Gole  Hex/Summ       52%        N/A       1%          3
i - Animate Dead          Necr           26%        N/A       1%          4
j - Agony                 Necr           52%        N/A       2%          5
k - Freezing Cloud        Conj/Ice/Air   26%        6-21      2%          5
Your spell library was empty.

Dungeon Overview and Level Annotations

Branches:
Dungeon (11/15)            Temple (1/1) D:5            Lair (0/6) D:11
 Bailey (visited)
    Orc: D:9-12

Altars:
Ashenzari
Dithmenos
Elyvilon
Fedhas
Gozag
Hepliaklqana
Kikubaaqudgha
Makhleb
Nemelex Xobeh
Okawaru
Qazlal
Ru
Sif Muna
Trog
Vehumet
Yredelemnul
Zin
The Shining One

Shops:
D:3 :   D:6 !([:?   D:8 *

Portals:
Trove: D:10 (show abyssal rune of Zot)

Annotations:
D:10 2 runed translucent doors


Innate Abilities, Weirdness & Mutations

You are immune to sickness and miasma.
You are immune to poison.
Your flesh is very heat resistant. (rF++)
You are vulnerable to cold. (rC-)
You float through the air rather than walking.
You learn spells naturally, not from books.
Your magical power is your life essence.
You have superior vitality. (+4 HP)


Message History

The boulder beetle bites you!
* * * LOW HITPOINT WARNING * * *
You swap places.
You fade into invisibility!
The boulder beetle completely misses you.
You are very lightly contaminated with residual magic.
It was a potion of cancellation.
Your magical effects are unravelling.
You feel magically purged.
Your magical contamination has completely faded away.
You flicker back into view.
The boulder beetle closely misses you.
It was a potion of curing.
You feel better. The boulder beetle bites you!
* * * LOW HITPOINT WARNING * * *
You feel better. The boulder beetle closely misses you.
Casting: Summon Guardian Golem (safe; 1% risk of failure)
Confirm with . or Enter, or press ? or * to list all spells.
Aiming: Agony (dangerous; 2% risk of failure)
Press: ? - help, Shift-Dir - straight line, f - boulder beetle
Aim: a boulder beetle (ally target, chance to affect: 94%)
The boulder beetle convulses!
The boulder beetle misses you.
Casting: Agony (dangerous; 2% risk of failure)
Confirm with . or Enter, or press ? or * to list all spells.
Aiming: Agony (dangerous; 2% risk of failure)
Press: ? - help, Shift-Dir - straight line, f/p - boulder beetle
Aim: a boulder beetle (heavily wounded, ally target, chance to affect: 94%)
The boulder beetle convulses!
* * * LOW HITPOINT WARNING * * *
The boulder beetle bites you.
* * * LOW HITPOINT WARNING * * *
Casting: Agony (dangerous; 2% risk of failure)
Confirm with . or Enter, or press ? or * to list all spells.
Aiming: Agony (dangerous; 2% risk of failure)
Press: ? - help, Shift-Dir - straight line, f/p - boulder beetle
Aim: a boulder beetle (severely wounded, ally target, chance to affect: 94%)
The boulder beetle convulses!
* * * LOW HITPOINT WARNING * * *
The boulder beetle bites you!!
You die...
Your body crumbles into a pile of gold.

####### #.....# #
#9#○..# # #B#...# #
#@#.B.# # #.#.°.#
########## #.#.°.#
.........#######.#.†.#
.................#...#
####'####...######...#
........#.###...##...#
........#.#....##....#
........'.#....#.....#


You could see a boulder beetle (ally target) and a friendly guardian golem
(summoned).

Vanquished Creatures
  An orc warlord (Bailey)
  Snorg (D:11)
  2 two-headed ogres
  Sonja (D:11)
  A gargoyle (D:11)
  Maggie (D:6)
  A troll (D:9)
  A komodo dragon (D:11)
  A meliai zombie (D:11)
  Prince Ribbit (D:6)
  Sigmund (D:4)
  7 wyverns
  10 yaks (D:11)
  Grum (D:10)
  A human (shapeshifter) (D:11)
  4 vampire mosquitoes
  4 water moccasins
  5 orc warriors
  2 ice beasts
  2 sky beasts
  5 necrophages
  3 ogres
  3 wolves (D:10)
  3 centaurs
  A hornet zombie (D:7)
  A kobold brigand (D:8)
  4 bullfrogs
  A wyvern zombie (D:9)
  2 scorpions (D:5)
  6 wights (D:7)
  5 centaur zombies
  2 orc priests
  2 bullfrog skeletons
  A gnoll shaman (D:6)
  A centaur skeleton (D:7)
  4 hounds
  A human zombie (D:7)
  A jelly (D:6)
  5 iguanas
  10 orc wizards
  A scorpion zombie (D:5)
  A hound skeleton (D:4)
  A mummy (D:7)
  A howler monkey zombie (D:7)
  14 gnolls
  3 adders
  3 shadow imps
  A white imp (D:5)
  An ufetubus (D:5)
  An adder skeleton (D:4)
  2 worms
  3 dart slugs
  34 orcs
  6 ball pythons
  2 endoplasms
  4 giant cockroaches
  6 goblins
  7 hobgoblins
  6 quokkas
  3 bats
  2 frilled lizards (D:2)
  25 kobolds
  A quokka skeleton (D:4)
  3 rats
240 creatures vanquished.

Vanquished Creatures (others)
  A boulder beetle (D:8)
  532 foxfires
  4 fungi (D:11)
  5 plants (D:11)
542 creatures vanquished.

Grand Total: 782 creatures vanquished

Notes
Turn   | Place    | Note
-------+----------+-------------------------------------------
     0 | D:1      | robertstho the Djinni Fire Elementalist began the quest for
                  | the Orb.
     0 | D:1      | Reached XP level 1. HP: 15/15 MP: 0/0
   718 | D:2      | Reached XP level 2. HP: 19/21 MP: 0/0
  1596 | D:2      | Reached skill level 3 in Spellcasting
  1970 | D:2      | Reached XP level 3. HP: 25/26 MP: 0/0
  1970 | D:2      | Learned a level 1 spell: Summon Small Mammal
  2169 | D:3      | Upgraded the game from 0.28-a0-620-g539b0f7ac7 to
                  | 0.28-a0-622-gbaef9634d7
  2231 | D:3      | Found a glowing golden altar of the Shining One.
  2404 | D:3      | Noticed a bullfrog
  2409 | D:3      | Killed a bullfrog
  2410 | D:3      | Reached skill level 1 in Fighting
  2410 | D:3      | Reached XP level 4. HP: 32/32 MP: 0/0
  2458 | D:3      | Reached XP level 5. HP: 37/37 MP: 0/0
  2458 | D:3      | Learned a level 2 spell: Blink
  2561 | D:3      | Found Qijam's Book Shoppe.
  2676 | D:3      | Reached skill level 4 in Spellcasting
  2979 | D:4      | Noticed Sigmund
  2984 | D:4      | Killed Sigmund
  2985 | D:4      | Reached XP level 6. HP: 36/42 MP: 0/0
  3795 | D:4      | Noticed an ice beast
  3798 | D:4      | Killed an ice beast
  3799 | D:4      | Reached skill level 1 in Polearms
  3799 | D:4      | Reached skill level 5 in Spellcasting
  3799 | D:4      | Reached XP level 7. HP: 46/49 MP: 0/0
  3799 | D:4      | Learned a level 3 spell: Summon Guardian Golem
  4027 | D:5      | Entered Level 5 of the Dungeon
  4057 | D:5      | Identified the +4 mace of a Labyrinth {drain, rElec rCorr}
  4279 | D:5      | Reached XP level 8. HP: 54/55 MP: 0/0
  4560 | D:5      | Found a shadowy altar of Dithmenos.
  4757 | D:5      | Found a staircase to the Ecumenical Temple.
  4768 | Temple   | Entered the Ecumenical Temple
  4798 | Temple   | Became a worshipper of Gozag Ym Sagoz the Greedy
  4892 | D:6      | Found Gutzam's Book Emporium.
  4926 | D:6      | Noticed Prince Ribbit
  4934 | D:6      | Killed Prince Ribbit
  5122 | D:6      | Found Hiosh's Antique Weapon Boutique.
  5127 | D:6      | Reached skill level 6 in Spellcasting
  5133 | D:6      | Reached XP level 9. HP: 62/62 MP: 0/0
  5133 | D:6      | Learned a level 4 spell: Animate Dead
  5259 | D:6      | Found Eleczi's Distillery.
  5267 | D:6      | Bought a potion of might for 40 gold pieces
  5267 | D:6      | Bought a potion of brilliance for 40 gold pieces
  5267 | D:6      | Bought a potion of berserk rage for 50 gold pieces
  5267 | D:6      | Bought a potion of flight for 30 gold pieces
  5304 | D:6      | Found Jeluer's Antique Armour Boutique.
  5343 | D:6      | Found a sparkling altar of Nemelex Xobeh.
  5691 | D:6      | Found Xizama's Magic Scroll Boutique.
  5701 | D:6      | Bought a scroll of enchant weapon for 97 gold pieces
  5701 | D:6      | Bought a scroll of magic mapping for 45 gold pieces
  5701 | D:6      | Bought a scroll of immolation for 45 gold pieces
  6002 | D:6      | Noticed Maggie
  6016 | D:6      | Killed Maggie
  6017 | D:6      | Reached skill level 5 in Polearms
  6271 | D:7      | Found a flagged portal.
  6286 | Bailey   | Entered a bailey
  6291 | Bailey   | Noticed an orc warlord
  6562 | Bailey   | Found a runed translucent gate.
  6562 | Bailey   | Found a runed translucent gate.
  6562 | Bailey   | Found a runed translucent gate.
  6967 | Bailey   | Killed an orc warlord
  6968 | Bailey   | Reached skill level 5 in Fighting
  6968 | Bailey   | Reached skill level 5 in Stealth
  6968 | Bailey   | Reached skill level 7 in Spellcasting
  6968 | Bailey   | Reached XP level 10. HP: 15/70 MP: 0/0
  7280 | Bailey   | Acquired the amulet of Caezutuv {rN+ Will+ Regen+}
  7356 | D:7      | Reached skill level 8 in Spellcasting
  7731 | D:7      | Found a basalt altar of Yredelemnul.
  7942 | D:8      | Noticed a boulder beetle
  7977 | D:8      | Killed a boulder beetle
  8034 | D:8      | Found a sacrificial altar of Ru.
  8142 | D:8      | Reached XP level 11. HP: 76/76 MP: 0/0
  8142 | D:8      | Learned a level 5 spell: Agony
  8145 | D:8      | Found Cuutixiu's Assorted Antiques.
  8175 | D:8      | Bought 3 scrolls labelled EVINUS KEAXUR for 105 gold pieces
  8175 | D:8      | Bought a runed emerald ring for 175 gold pieces
  8175 | D:8      | Bought a sapphire potion for 31 gold pieces
  8175 | D:8      | Bought a glass wand for 140 gold pieces
  8175 | D:8      | Bought an emerald potion for 31 gold pieces
  8175 | D:8      | Bought a metallic ruby potion for 31 gold pieces
  8176 | D:8      | Reached skill level 5 in Dodging
  8176 | D:8      | Reached skill level 9 in Spellcasting
  8176 | D:8      | Reached XP level 12. HP: 84/84 MP: 0/0
  8271 | D:6      | Bought an embroidered scarf for 168 gold pieces
  9106 | D:9      | Found a burning altar of Makhleb.
  9163 | D:9      | Noticed a two-headed ogre
  9172 | D:9      | Killed a two-headed ogre
  9768 | D:10     | Entered Level 10 of the Dungeon
  9802 | D:10     | Found a blossoming altar of Fedhas.
  9804 | D:10     | Found a stormy altar of Qazlal.
  9874 | D:10     | Found a runed translucent door.
  9874 | D:10     | Noticed a fire dragon
  9876 | D:10     | Noticed a fire dragon
  9878 | D:10     | Noticed an ice dragon
  9878 | D:10     | Found the +2 shield of Resistance {rF++ rC++ Will++}
  9887 | D:10     | Noticed an ice dragon
  9888 | D:10     | Found a runed translucent door.
  9915 | D:10     | Noticed Grum
  9926 | D:10     | Killed Grum
  9954 | D:10     | Found an iron altar of Okawaru.
 10280 | D:10     | Found a portal to a secret trove of treasure.
 10620 | D:11     | Noticed Sonja
 10623 | D:11     | Killed Sonja
 10669 | D:11     | Reached skill level 10 in Spellcasting
 10676 | D:11     | Noticed a two-headed ogre
 10685 | D:11     | Killed a two-headed ogre
 10731 | D:11     | Found a staircase to the Lair.
 11050 | D:11     | Noticed Snorg
 11055 | D:11     | Reached XP level 13. HP: 90/92 MP: 0/0
 11055 | D:11     | Learned a level 5 spell: Freezing Cloud
 11149 | D:11     | Killed Snorg
 11376 | D:11     | Noticed a boulder beetle
 11390 | D:11     | Slain by a boulder beetle

Illustrated notes

Levels and vault maps discovered:
D:1:      scummos_arrival_simple_crosswalls, layout_loops_corners
D:2:      layout_basic
D:3:      layout_basic, led_sif_pool, mainiacjoe_overflow_small_starburst,
          serial_shops, shop
D:4:      layout_basic, chequers_serial_rivers_small_b, uniq_sigmund
D:5:      layout_cave_pools, mainiacjoe_overflow_alcove_4, vehumet_crystals,
          temple_hall, minmay_misc_feat_columns,
          amcnicky_mini_rare_corridor_liquid
D:6:      cheibrodos_quashed, layout_gridville, nemelex_dance_club_becter,
          serial_shops, nicolae_shop_window_shopping, nicolae_shop_behind_doors,
          nicolae_shop_statue_plus, nicolae_shop_statue_plus, shop,
          uniq_prince_ribbit1, uniq_maggie
D:7:      layout_rooms, lemuel_mausoleum_altar_yredelemnul, enter_bailey_7
D:8:      layout_cave_pools, nicolae_ru_awakened_eye, serial_shops,
          nicolae_shop_waterfront, lemuel_flame_loot_1
D:9:      layout_basic, amethyst_overflow_temple_binary,
          small_statue_intersection
D:10:     layout_roguey, grunt_temple_overflow_forces_of_nature,
          okawaru_ov_weapons_minmay, nicolae_trove_entry_diagonal,
          minmay_guarded_unrand_resistance, uniq_grum
D:11:     layout_irregular_city, minmay_lair_entry_grove, nzn_sisyphean_effort,
          uniq_sonja, uniq_snorg
Temple:   cyrus_temple_forest

Skill      XL: |  1  2  3  4  5  6  7  8  9 10 11 12 13 |
---------------+----------------------------------------+-----
Spellcasting   | 3 4 5 6 7 8 9 10 | 10.2
Fighting       | 1 2 3 5 6 7 8 |  8.0
Stealth        | 2 3 5 6 7 |  7.3
Polearms       | 1 4 5 6 7 |  7.8
Dodging        | 3 5 6 |  6.3
Long Blades    | 3 |  3.0
Armour         | 3 |  3.3
Shields        | 2 |  2.2
Evocations     | 2 |  2.2

Action                   |  1- 3 |  4- 6 |  7- 9 | 10-12 | 13-15 || total
-------------------------+-------+-------+-------+-------+-------++-------
Melee: Trident           |     6 |    33 |   100 |   191 |     3 ||   333
 Cast: Foxfire           |    81 |     4 |   127 |    86 |    13 ||   311
       Scorch            |       |     7 |    17 |    16 |     5 ||    45
       Summon Guardian G |       |       |     1 |     4 |     6 ||    11
       Flame Wave        |       |       |     1 |     7 |       ||     8
       Agony             |       |       |       |       |     3 ||     3
  Use: Scroll            |     3 |       |     7 |     5 |     1 ||    16
       Potion            |       |       |       |     1 |     4 ||     5
 Stab: Distracted        |     1 |       |     2 |     4 |       ||     7
       Sleeping          |       |     2 |     9 |    17 |       ||    28
Armor: Robe              |     2 |     9 |    12 |       |       ||    23
       Steam dragon scal |       |       |     3 |    60 |     1 ||    64
Dodge: Dodged            |     8 |    14 |    43 |    84 |    15 ||   164

Table legend: (Time is in decaauts)
 A = Elapsed time spent in this place.
 B = Non-inter-level travel time spent in this place.
 C = Inter-level travel time spent in this place.
 D = Time resting spent in this place.
 E = Time spent auto-exploring this place.
 F = Levels seen in this place.
 G = Mean time per level.
                   A        B        C        D        E       F      G
               +--------+--------+--------+--------+--------+-----+--------+
         Total |  11409 |  10808 |    601 |    442 |   8487 |  13 |  877.6 |
       Dungeon |  10347 |   9775 |    572 |    308 |   7846 |  11 |  940.6 |
        Temple |     58 |     30 |     28 |      0 |     21 |   1 |   58.0 |
        Bailey |   1002 |   1002 |      0 |    134 |    620 |   1 | 1002.0 |
               +--------+--------+--------+--------+--------+-----+--------+

Top non-repeatable levels by time:
     D:2: 1897 daAuts
     D:6: 1473 daAuts
     D:4: 1108 daAuts
     D:9: 1087 daAuts
  Bailey: 1002 daAuts
     D:3: 820 daAuts
    D:11: 817 daAuts
    D:10: 797 daAuts
     D:5: 790 daAuts
     D:7: 716 daAuts
     D:8: 626 daAuts
     D:1: 211 daAuts
  Temple: 58 daAuts
